[Event "*** Titled Tuesday Blitz"]
[Site "Chess.com"]
[Date "2020.10.20"]
[Round "3"]
[White "igorkovalenko"]
[Black "LawrenceTrent"]
[Result "1-0"]
[WhiteElo "2814"]
[BlackElo "2527"]
[TimeControl "180+1"]
[EndTime "10:29:19 PDT"]
[Termination "igorkovalenko won by resignation"]

1. d4 d5 2. Nf3 Bf5 3. c4 e6 4.
Nc3 Nf6 5. Bg5 Bb4 6. e3 Nbd7 7.
cxd5 exd5 8. Be2 c6 9. O-O O-O 10. Qb3 Qb6 11. Rfc1 Bd6 12. Nd2 h6 13. Bh4 Rfe8 14. a3 Kh8 15. Qd1 Qd8 16. Nf1 Nf8 17. b4 Ng6 18. Bg3 a6 19. Ra2 Re6 20. Rb2 a5 21.
Bxd6 Qxd6 22. Ng3 Nh4 23. Na4 axb4 24. axb4 Be4 25. Bf1 Re7 26. Nc5 Bg6 27. b5 Nf5 28.
bxc6 bxc6 29. Nxf5 Bxf5 30. h3 g5 31. Rb6 g4 32.
Nb7 Qb8 33. Rbxc6 Ne4 34. Nc5 Qf8 35. hxg4 Bh7 36. Nxe4 Bxe4 37. Qe2 Qg7 38. f3 Bg6 39. Rc8+ Rxc8 40. Rxc8+ Kh7 41. Qd2 h5 42. gxh5 Bxh5 43. Bd3+ Kh6 44. Rc6+ f6 45. e4+ Kh7 46. e5+ Kh8 47.
Rxf6 1-0

[Event "*** Titled Tuesday Blitz"]
[Site "Chess.com"]
[Date "2020.10.20"]
[Round "3"]
[White "Ranindu2003"]
[Black "chito89"]
[Result "0-1"]
[WhiteElo "2556"]
[BlackElo "2812"]
[TimeControl "180+1"]
[EndTime "10:29:19 PDT"]
[Termination "chito89 won on time"]

1. e4 e5 2. Nf3 Nc6 3. Bb5 a6 4. Ba4 Nf6 5. O-O b5 6. Bb3 Bb7 7. c3 Nxe4 8. d4 exd4 9. Re1 d5 10. Nxd4 Nxd4 11. Qxd4 c5 12. Qd1 Be7 13. f3 Nf6 14. Qe2 Kf8 15. Bg5 c4 16. Bc2 Qb6+ 17. Kh1 Re8 18. Nd2 h6 19. Bh4 g5 20. Bg3 Bd6 21. Bxd6+ Qxd6 22. Qf2 Kg7 23. a4 b4 24. Qd4 b3 25.
Bf5 Qf4 26. Qxf4 gxf4 27. Nf1 Bc6 28. g3 Rxe1 29. Rxe1 Bxa4 30. gxf4 Re8 31. Rd1 Re2 32. Rb1 Nh5 33. Bg4 Nxf4 34. Ng3 Rd2 35. Nf5+ Kf6 36.
Nd4 Nd3 37. Ra1 Nxb2 38. Bh3 Bb5 39. Bg2 Nd3 40. Rb1 b2 41. Bf1 Ba4 42. Kg1 Rd1 0-1

[Event "*** Titled Tuesday Blitz"]
[Site "Chess.com"]
[Date "2020.10.20"]
[Round "3"]
[White "margarita_2703"]
[Black "xamax2000"]
[Result "0-1"]
[WhiteElo "2406"]
[BlackElo "2676"]
[TimeControl "180+1"]
[EndTime "10:29:19 PDT"]
[Termination "xamax2000 won by checkmate"]

1. Nf3 Nf6 2. d4 g6 3. c4 Bg7 4. Nc3 O-O 5. e4 d6 6. Be2 e5 7.
O-O h6 8. d5 a5 9. a3 Bd7 10. Rb1 a4 11. Re1 Na6 12. Nxa4 Nxe4 13. Bf1 f5 14. Nd2 Nxf2 15. Kxf2 Qh4+ 16. Ke2 Qh5+ 17. Kf2 Qxd1 18. Rxd1 Bxa4 19. b3 Bd7 20. b4 e4 21. Nb3 Ba4 22. Re1 Nb8 23. Be3 Nd7 24. c5 Ne5 25. h3 f4 26. Bd4 Bxb3 27.
Bxe5 Bxd5 28. Bxg7 Kxg7 29. Rbc1 Rxa3 30. cxd6 cxd6 31.
Rcd1 e3+ 32. Kg1 Be4 33. Rxd6 Ra2 34. Rd7+ Kf6 35. Rd4 Ke5 36. Rc4 Rd8 37. Rc5+ Rd5 38. Rc7 Rdd2 39. Rc5+ Kd6 40. Rc4 Bxg2 41. Bxg2 Rxg2+ 42. Kh1 Rh2+ 43. Kg1 f3 44. Rxe3 Rag2+ 45. Kf1 Rh1# 0-1

[Event "*** Titled Tuesday Blitz"]
[Site "Chess.com"]
[Date "2020.10.20"]
[Round "3"]
[White "SHIVACalypso"]
[Black "AlphaHero0"]
[Result "0-1"]
[WhiteElo "2334"]
[BlackElo "1979"]
[TimeControl "180+1"]
[EndTime "10:29:19 PDT"]
[Termination "AlphaHero0 won by checkmate"]

1. Nf3 Nc6 2. c4 e5 3. Nc3 Bb4 4. Nd5 a5 5. Nxb4 axb4 6. d3 Nf6 7. g3 O-O 8. Bg2 d5 9. cxd5 Nxd5 10. O-O f6 11.
Bd2 Be6 12. Qc2 Qd7 13. b3 Ra6 14. Rfc1 Rfa8 15. e3 h6 16. d4 exd4 17. Nxd4 Nxd4 18.
exd4 c6 19. Qc5 Ra5 20. Qc2 Qd6 21. a4 Ne7 22. Be3 Nd5 23. Qd2 Nc3 24. Rxc3 bxc3 25.
Qxc3 Bd5 26. Bf4 Qd7 27. Bf1 R5a7 28. a5 Qd8 29. b4 Qd7 30. Re1 Re8 31. Be3 Raa8 32.
Qc5 Re7 33. Rc1 Rae8 34. Bf4 Re1 35. Qc3 Rxc1 36. Qxc1 Bf3 37. Be3 Kh8 38. Qc5 Bd5 39. Qb6 Qg4 40. Bg2 Qd1+ 41. Bf1 Bc4 42. Kg2 Qxf1+ 43.
Kf3 Bd5+ 44. Kf4 Qg2 45. Kf5 Qe4# 0-1

[Event "*** Titled Tuesday Blitz"]
[Site "Chess.com"]
[Date "2020.10.20"]
[Round "3"]
[White "GukeshDommaraju"]
[Black "Sashadav97"]
[Result "0-1"]
[WhiteElo "2824"]
[BlackElo "2629"]
[TimeControl "180+1"]
[EndTime "10:29:20 PDT"]
[Termination "Sashadav97 won by checkmate"]

1. d4 g6 2. e4 Bg7 3. Nc3 d6 4. Be3 a6 5. Qd2 b5 6. h4 h5 7. Nf3 Bb7 8. Ng5 Nd7 9. Bd3 c5 10. dxc5 Nxc5 11. Bxc5 dxc5 12. Qf4 Nh6 13. O-O-O Qb8 14.
Qe3 c4 15. Be2 O-O 16. f4 b4 17.
Nd5 Bxd5 18. Rxd5 c3 19. Bc4 cxb2+ 20. Kb1 Qc7 21. Bb3 a5 22. Rc5 Qa7 23. f5 Rac8 24.
Nxf7 Qxc5 25. Nxh6+ Kh8 26. Qg5 a4 27. Bxa4 b3 28. Bxb3 Rb8 29. Nf7+ Rxf7 30. Bxf7 Rd8 31. Qxg6 Qe3 32. Qxh5+ Bh6 33. a4 Qc1+ 34. Rxc1 bxc1=Q+ 35. Ka2 Qxc2+ 36. Ka3 Qc3+ 37. Bb3 Qc1+ 38. Kb4 Rb8+ 39. Ka5 Qc5+ 40. Ka6 Qb6# 0-1

[Event "*** Titled Tuesday Blitz"]
[Site "Chess.com"]
[Date "2020.10.20"]
[Round "3"]
[White "LittlePeasant"]
[Black "plumalka"]
[Result "1-0"]
[WhiteElo "2801"]
[BlackElo "2422"]
[TimeControl "180+1"]
[EndTime "10:29:20 PDT"]
[Termination "LittlePeasant won by resignation"]

1. Nf3 c5 2. c4 Nc6 3. b3 e5 4.
Bb2 d6 5. e3 g6 6. d4 exd4 7.
exd4 Bg7 8. Be2 Bg4 9. Nbd2 Nge7 10. Qc1 Bxf3 11. Nxf3 cxd4 12. O-O O-O 13. Rd1 Nf5 14. Bd3 Nh4 15. Be4 Ne5 16. Nxd4 Qd7 17. Qg5 Qg4 18. Qxg4 Nxg4 19. Bxb7 Rae8 20. Rab1 h5 21. g3 Nf5 22.
Nxf5 gxf5 23. Bxg7 Kxg7 24. Rxd6 Re2 25. Bf3 Rxa2 26.
Bxg4 fxg4 27. b4 Re8 28. Rd4 Ree2 29. Rf4 Rec2 30. c5 Kg6 31. Rd1 Rab2 32. Kg2 Rd2 33. Rxd2 Rxd2 34. Rc4 Rd7 35. c6 Rc7 36. b5 Kf6 37. f3 Kg5 38. h4+ Kf5 39. fxg4+ hxg4 40. Kf2 Rc8 41. c7 Ke6 42. Ke3 Kd5 43. Rc1 Ke5 44. h5 f5 45. h6 Kf6 46. Kf4 Kg6 47. h7 Kxh7 48. Kxf5 Kg7 49. Ke6 1-0

[Event "*** Titled Tuesday Blitz"]
[Site "Chess.com"]
[Date "2020.10.20"]
[Round "3"]
[White "szachuspl"]
[Black "ItsCheckM8Mate"]
[Result "0-1"]
[WhiteElo "2519"]
[BlackElo "2367"]
[TimeControl "180+1"]
[EndTime "10:29:20 PDT"]
[Termination "ItsCheckM8Mate won by resignation"]

1. d4 Nf6 2. c4 c5 3. d5 b5 4. Nf3 g6 5. Qc2 b4 6. b3 Bb7 7.
e4 d6 8. Bb2 Bg7 9. a4 O-O 10.
Nbd2 e6 11. Bd3 exd5 12. cxd5 Re8 13. O-O Ba6 14. Bxa6 Nxa6 15. Rfe1 Nb8 16. h3 Nbd7 17. a5 Qc7 18. Nc4 Nh5 19. Bxg7 Nxg7 20. Rad1 Rad8 21.
e5 Nxe5 22. Nfxe5 dxe5 23. d6 Qb8 24. Qe2 Nf5 25. Qe4 Nxd6 26. Nxd6 Rxd6 27. Rc1 Qc7 28. Qxb4 Rc6 29. Qc4 Kg7 30. b4 Rc8 31. b5 Re6 32. a6 Ree8 33. Red1 Re7 34. Rd5 Qa5 35. Rxc5 Rb8 36.
h4 Re6 37. h5 Reb6 38. Rxe5 Rxb5 39. Re7 Rf5 40. Qh4 Qd2 41. Rce1 Kg8 42. h6 Kf8 43. R7e2 Qd7 44. Qd4 Qxd4 45. g3 Qc4 46. Kg2 Qxa6 47. g4 Qb7+ 48. f3 Rc5 49. Re3 Rbc8 50. Kg3 Rc2 0-1

[Event "*** Titled Tuesday Blitz"]
[Site "Chess.com"]
[Date "2020.10.20"]
[Round "3"]
[White "Rodalquilar"]
[Black "ChessWarrior7197"]
[Result "0-1"]
[WhiteElo "2720"]
[BlackElo "3015"]
[TimeControl "180+1"]
[EndTime "10:29:21 PDT"]
[Termination "ChessWarrior7197 won on time"]

1. d4 d5 2. Bf4 Nf6 3. e3 c5 4. Nf3 Nc6 5. Nbd2 Qb6 6. dxc5 Qxb2 7. Rb1 Qc3 8. Bb5 g6 9. O-O Bg7 10. Nb3 O-O 11. Bxc6 bxc6 12. Be5 Qc4 13. Qd4 Qxd4 14. exd4 a5 15. Rfe1 Bf5 16. Re2 Ne4 17. Bxg7 Kxg7 18. Rbe1 Nc3 19. Rxe7 Nxa2 20. Na1 a4 21. Ne5 Nb4 22.
Re2 Rfb8 23. Rxf7+ Kg8 24. g4 Bxg4 25. Re3 a3 26. Rg3 Bh5 27. Rc7 Na6 28. Re7 Rb1+ 29. Kg2 Rxa1 30. Nd7 Rf8 31. Nxf8 Kxf8 32. Ra7 Nb4 33. Rb3 Be2 34. Rxb4 Bb5 35. c4 dxc4 36. d5 a2 37. dxc6 Bxc6+ 38. f3 Rb1 39. Rba4 Bxa4 0-1

[Event "*** Titled Tuesday Blitz"]
[Site "Chess.com"]
[Date "2020.10.20"]
[Round "3"]
[White "Oneofmyturns"]
[Black "RaunakSadhwani2005"]
[Result "0-1"]
[WhiteElo "2706"]
[BlackElo "2970"]
[TimeControl "180+1"]
[EndTime "10:29:21 PDT"]
[Termination "RaunakSadhwani2005 won by checkmate"]

1. d4 Nf6 2. c4 Nc6 3. Nf3 e6 4. a3 d6 5. g3 g6 6. Bg2 Bg7 7. O-O O-O 8. Nc3 Nd7 9. d5 Ne7 10. e4 a5 11. Re1 Nc5 12. Be3 Bd7 13. Rb1 a4 14. e5 Nf5 15. Bg5 f6 16. exf6 Bxf6 17.
Bxf6 Qxf6 18. dxe6 Bxe6 19. Nd5 Bxd5 20. Qxd5+ Kh8 21.
h4 Rae8 22. Qd2 Kg7 23. Re2 Rxe2 24. Qxe2 Nd4 25. Nxd4 Qxd4 26. Rd1 Qf6 27. Re1 Rf7 28. f4 c6 29. Kh2 h6 30. Bh3 g5 31. fxg5 hxg5 32.
Rf1 Qg6 33. Rxf7+ Kxf7 34. Qf3+ Qf6 35. Qh5+ Qg6 36. Qf3+ Kg7 37. Bf5 Qf6 38. hxg5 Qxg5 39. Kh3 Qh6+ 40. Kg2 Qd2+ 41. Kh3 Qxb2 42. Qh5 Qf6 43.
Qh7+ Kf8 44. Bg4 Qf7 45. Qh8+ Ke7 46. Qc8 Qh7+ 47. Kg2 Qe4+ 48. Kh3 Qh1# 0-1

[Event "*** Titled Tuesday Blitz"]
[Site "Chess.com"]
[Date "2020.10.20"]
[Round "3"]
[White "AntonovaNadezhda"]
[Black "zmeeed67"]
[Result "0-1"]
[WhiteElo "2072"]
[BlackElo "2339"]
[TimeControl "180+1"]
[EndTime "10:29:21 PDT"]
[Termination "zmeeed67 won on time"]

1. d4 Nc6 2. Nf3 d6 3. Nbd2 e5 4. c3 Nf6 5. e4 Bg4 6. d5 Ne7 7.
h3 Bd7 8. Bd3 Ng6 9. O-O Nf4 10.
Bc2 Be7 11. Re1 O-O 12. Nf1 N6h5 13. Ng3 g6 14. Kh2 Qc8 15. Ng1 f5 16. Nxh5 Nxh5 17.
Bh6 Ng7 18. exf5 Bxf5 19. Re2 Qd8 20. Bxf5 gxf5 21. Nf3 Rf6 22. Bxg7 Kxg7 23. Ng5 Qd7 24. Qd3 Kh8 25. Rae1 Rg8 26. f4 Rfg6 27. Ne6 e4 28.
Qd4+ Bf6 29. Qxa7 c6 30. c4 Bh4 31. Rf1 Bg3+ 32. Kh1 Bh4 33. Qd4+ Bf6 34. Qe3 b5 35. b3 bxc4 36. bxc4 cxd5 37. cxd5 Qb5 38. Rfe1 Qxd5 39. Qb3 Qxb3 40. axb3 Bc3 41. Rb1 Rxe6 42. Rc2 Bb4 43. Rc4 Rb8 44. Rd1 Rb5 45. Rdd4 Bc5 46.
Rd5 e3 47. Rc1 Rxb3 48. Rxf5 e2 49. Re1 Bf2 0-1

[Event "*** Titled Tuesday Blitz"]
[Site "Chess.com"]
[Date "2020.10.20"]
[Round "3"]
[White "profofchess"]
[Black "parnali1611"]
[Result "1-0"]
[WhiteElo "2348"]
[BlackElo "2105"]
[TimeControl "180+1"]
[EndTime "10:29:22 PDT"]
[Termination "profofchess won on time"]

1. e4 e5 2. Nf3 Nc6 3. Nc3 Nf6 4. Bb5 Bc5 5. Nxe5 Bxf2+ 6. Kxf2 Nxe5 7. d4 Neg4+ 8. Kg1 c6 9. Be2 d6 10. h3 Nh6 11.
Kh2 Qe7 12. Bg5 Nfg4+ 13. Bxg4 Qxg5 14. Bxc8 Rxc8 15. Qf3 O-O 16. Rhf1 f5 17. e5 dxe5 18. dxe5 f4 19. Rae1 Rce8 20. Qe4 Qg3+ 21. Kh1 f3 22. Rxf3 Rxf3 23. gxf3 Qxh3+ 24. Kg1 Qg3+ 25. Kf1 Qh3+ 26. Ke2 Rd8 27. Rd1 Qg2+ 28. Ke1 Qg1+ 29. Ke2 Qg2+ 30. Ke3 Rf8 31. Rd2 Qg1+ 32. Ke2 Qg2+ 33. Kd1 Qh1+ 34.
Qe1 Qxf3+ 35. Kc1 Qh3 36. Rd1 Qe6 37. Rd6 Qf5 38. e6 Qf4+ 39. Rd2 Nf5 40. Kb1 Re8 41. Rf2 1-0

[Event "*** Titled Tuesday Blitz"]
[Site "Chess.com"]
[Date "2020.10.20"]
[Round "3"]
[White "aisha_zakirova"]
[Black "atalz0"]
[Result "0-1"]
[WhiteElo "2147"]
[BlackElo "2413"]
[TimeControl "180+1"]
[EndTime "10:29:23 PDT"]
[Termination "atalz0 won on time"]

1. d4 d5 2. c4 e6 3. Nf3 Nf6 4. Nc3 c5 5. cxd5 Nxd5 6. e4 Nxc3 7. bxc3 cxd4 8. cxd4 Bb4+ 9. Bd2 Bxd2+ 10. Qxd2 O-O 11.
Be2 b6 12. O-O Bb7 13. Qd3 Nd7 14. e5 h6 15. Rac1 Rc8 16. Rxc8 Qxc8 17. Nd2 Rd8 18. Qg3 Qc2 19. Qh4 g5 20. Qxh6 Qxd2 21. Bh5 Qf4 22.
Bxf7+ Kxf7 23. Qh7+ Kf8 24. Qh8+ Ke7 25. Qg7+ Qf7 26.
Qxg5+ Ke8 27. f4 Be4 28. f5 exf5 29. g4 Nf8 30. gxf5 Rxd4 31. e6 Qh7 32. Rc1 Nxe6 33. Rc8+ Nd8 34. f6 Qg6 35. f7+ Kxf7 36. Qxg6+ Kxg6 37. Rc7 a5 0-1

[Event "*** Titled Tuesday Blitz"]
[Site "Chess.com"]
[Date "2020.10.20"]
[Round "3"]
[White "AurumO"]
[Black "Playgood28"]
[Result "0-1"]
[WhiteElo "1947"]
[BlackElo "2298"]
[TimeControl "180+1"]
[EndTime "10:29:23 PDT"]
[Termination "Playgood28 won on time"]

1. e4 e5 2. Nf3 d6 3. d4 exd4 4. Nxd4 Nf6 5. Nc3 Be7 6. Bc4 O-O 7. O-O Nxe4 8. Nxe4 d5 9. Bxd5 Qxd5 10. Nc3 Qd8 11. Re1 Bf6 12. Be3 Nd7 13. Nf3 c6 14. Bf4 Nb6 15. Qxd8 Rxd8 16. Bc7 Rf8 17. h3 Bf5 18.
Ne4 Bxb2 19. Rab1 Ba3 20. Rb3 Be7 21. Bd6 Bxe4 22. Bxe7 Bxf3 23. Bxf8 Bd5 24. Bc5 Bxb3 25. axb3 Nd5 26. c4 Nf4 27. Re7 Ne6 28. Be3 b6 29.
f4 Kf8 30. Rd7 Ke8 31. Rd1 g6 32. Re1 Kd7 33. g4 f5 34. Rd1+ Kc7 35. gxf5 gxf5 36. Kf2 Rg8 37. Rg1 Rxg1 38. Kxg1 a5 39. Kf2 b5 40.
cxb5 cxb5 41. Ke2 Kc6 42. Kd2 Kd5 43. Kd3 a4 44. b4 a3 45. Kc3 Ke4 46. Bc5 Nxc5 47.
bxc5 Kd5 48. Kb3 b4 0-1

[Event "*** Titled Tuesday Blitz"]
[Site "Chess.com"]
[Date "2020.10.20"]
[Round "3"]
[White "Gahan-MG"]
[Black "Andrii_Prydun"]
[Result "0-1"]
[WhiteElo "2582"]
[BlackElo "2389"]
[TimeControl "180+1"]
[EndTime "10:29:24 PDT"]
[Termination "Andrii_Prydun won by resignation"]

1. e4 d5 2. exd5 Qxd5 3. Nc3 Qd6 4. d4 Nf6 5. g3 Nc6 6. Nge2 e5 7. dxe5 Qxd1+ 8. Nxd1 Nxe5 9. Bg2 Bg4 10. Ndc3 Bf3 11. O-O Bc5 12. Bf4 Bxg2 13. Kxg2 Nfd7 14. Rad1 O-O-O 15. Rd5 Rhe8 16. Rfd1 Ng4 17. h3 Ngf6 18. R5d3 h6 19.
Nd4 Nb6 20. Ndb5 Rxd3 21. Rxd3 Nc4 22. b3 Ne5 23. Rd1 a6 24. Nd4 Ng6 25. Be3 Rd8 26.
Nf5 Rxd1 27. Nxd1 Bxe3 28. Ndxe3 Ne8 29. c4 Kd7 30. h4 Nf8 31. Kf3 Ne6 32. Ke4 h5 33. Ke5 g6 34. Nd4 Nc5 35. Kd5 Nd3 36. Ke4 Nxf2+ 37. Kf3 Nd3 38. Nd5 Nc5 39. Kf4 f6 40. g4 hxg4 41. Kxg4 c6 42. Nc3 Ne6 43. Nf3 f5+ 44. Kg3 Kd6 45. b4 b6 46. a4 Nf6 47.
Kf2 Ne4+ 48. Nxe4+ fxe4 49. Nd2 Ke5 50. Ke3 Nd4 51. Nxe4 Nc2+ 52. Kf3 Nxb4 53. c5 b5 54. a5 Nd3 55. Ke3 Nb2 56. Kf3 Nc4 57. Nd2 Nxd2+ 0-1

[Event "*** Titled Tuesday Blitz"]
[Site "Chess.com"]
[Date "2020.10.20"]
[Round "3"]
[White "maximnovik"]
[Black "MaxLeto"]
[Result "0-1"]
[WhiteElo "2508"]
[BlackElo "2344"]
[TimeControl "180+1"]
[EndTime "10:29:24 PDT"]
[Termination "MaxLeto won on time"]

1. d4 Nf6 2. Bg5 Ne4 3. Bh4 g5 4. f3 gxh4 5. fxe4 d5 6. exd5 Qxd5 7. Nc3 Qa5 8. Qd2 h5 9. Nf3 Bh6 10. e3 h3 11. gxh3 Bf5 12. O-O-O Nc6 13. Bd3 Bxh3 14. Be4 Bd7 15. d5 Nb4 16. a3 Na6 17. Ne5 Nc5 18. Qd4 Bg7 19. Rhg1 Bf6 20. Rdf1 Qb6 21. Rxf6 Qxf6 22.
Bg2 Rg8 23. Rf1 Qg7 24. Bh1 Rf8 25. Kb1 a6 26. b4 Na4 27. Nxa4 Bxa4 28. e4 O-O-O 29.
Nf3 Qxd4 30. Nxd4 Bd7 31. c4 f6 32. Bf3 Rg8 33. Bxh5 Rh8 34. Bf7 Rxh2 35. Be6 Rdh8 36.
Nf5 Bxe6 37. dxe6 R8h7 38. Rg1 Rh1 39. Rxh1 Rxh1+ 40. Kc2 Kd8 41. Kc3 Re1 42. Kd4 Ra1 43. e5 Rxa3 0-1

[Event "*** Titled Tuesday Blitz"]
[Site "Chess.com"]
[Date "2020.10.20"]
[Round "3"]
[White "WPWPWP-2015"]
[Black "HrvojeZagreb"]
[Result "1-0"]
[WhiteElo "2446"]
[BlackElo "2196"]
[TimeControl "180+1"]
[EndTime "10:29:24 PDT"]
[Termination "WPWPWP-2015 won on time"]

1. e4 e6 2. d4 d5 3. Nc3 dxe4 4. Nxe4 Nd7 5. Nf3 Ngf6 6. Bd3 b6 7. Ned2 Bb7 8. O-O Be7 9. Re1 O-O 10. a4 c5 11. a5 Qc7 12. a6 Bc6 13. h3 Rad8 14. c3 cxd4 15. cxd4 Nh5 16. Qc2 h6 17. Ne4 Rc8 18.
Be3 Nf4 19. Bf1 Nd5 20. Rac1 Nxe3 21. fxe3 Bb4 22. Red1 Qb8 23. Nc3 Qg3 24. Qf2 Qxf2+ 25. Kxf2 Nf6 26. Ne5 Be8 27. Bd3 Bxc3 28. bxc3 Nd5 29.
c4 Nb4 30. Be4 f6 31. Nf3 Bc6 32. d5 Ba8 33. Nh4 exd5 34. cxd5 Rxc1 35. Rxc1 Bxd5 36. Bg6 Nxa6 37. Nf5 Bf7 38. Ne7+ Kh8 39. Ra1 Nc5 40. Rxa7 b5 41. Bxf7 Rxf7 42. Ng6+ Kg8 43. Ra8+ Kh7 44. Nf8+ Kg8 45. Ne6+ Kh7 46. Nxc5 Rc7 47. Nd3 Rc2+ 48. Kf3 Rc3 49. Nb4 Rc4 50. Nd5 Rc5 51. Ke4 h5 52. Rb8 h4 53. Rb7 Kg6 54. Kd4 Rc2 55. Rxb5 1-0

[Event "*** Titled Tuesday Blitz"]
[Site "Chess.com"]
[Date "2020.10.20"]
[Round "3"]
[White "SGchess01"]
[Black "MokshanovAlexey"]
[Result "1-0"]
[WhiteElo "2817"]
[BlackElo "2536"]
[TimeControl "180+1"]
[EndTime "10:29:25 PDT"]
[Termination "SGchess01 won by resignation"]

1. d4 d5 2. c4 e6 3. Nc3 Nf6 4. Bg5 c6 5. e3 Nbd7 6. Nf3 h6 7. Bh4 Be7 8. Rc1 O-O 9. a3 a6 10. cxd5 exd5 11. Bd3 Re8 12. O-O Nf8 13. Ne5 N6d7 14. Bg3 Nxe5 15. dxe5 f6 16. e4 dxe4 17. Nxe4 f5 18.
Nd6 Bxd6 19. exd6 Qf6 20. Qb3+ Qf7 21. Bc4 Be6 22. Bxe6 Nxe6 23. Be5 Nf8 24. Qc3 Nd7 25. f4 Re6 26. Rcd1 Rae8 27. Qb4 Nf8 28. Rd2 Qd7 29.
Rfd1 Ng6 30. Bc3 Re4 31. Qc5 Nxf4 32. Qb6 Nd5 33. Rxd5 cxd5 34. Qc5 Qc6 35. Qxc6 bxc6 36. Ba5 Kf7 37. d7 Re2 38. dxe8=Q+ Kxe8 39. Rd2 Re4 40. Kf2 Kd7 41. Bc3 g5 42. Re2 Rf4+ 43. Kg3 d4 44. Bd2 Rg4+ 45. Kf3 c5 46. Re5 c4 47. Rxf5 Ke6 48. Kxg4 1-0

[Event "*** Titled Tuesday Blitz"]
[Site "Chess.com"]
[Date "2020.10.20"]
[Round "3"]
[White "Omk124"]
[Black "SantoBlue"]
[Result "0-1"]
[WhiteElo "2491"]
[BlackElo "2777"]
[TimeControl "180+1"]
[EndTime "10:29:25 PDT"]
[Termination "SantoBlue won by resignation"]

1. e4 c5 2. Nf3 e6 3. d4 cxd4 4. Nxd4 a6 5. c4 Nf6 6. Nc3 d6 7. a3 Qc7 8. Be2 b6 9. O-O Bb7 10. f3 Be7 11. Be3 Nbd7 12. b4 O-O-O 13. Rc1 Kb8 14.
Ndb5 axb5 15. Nxb5 Qc8 16. Qa4 Ba6 17. Rfd1 Bxb5 18.
Qxb5 Qb7 19. a4 Rc8 20. a5 Qc6 21. Qa6 Qb7 22. Qb5 bxa5 23. Qxa5 Bd8 24. Qa3 Bb6 25. c5 dxc5 26. bxc5 Nxc5 27. Rxc5 Rxc5 28. Bxc5 Rc8 29. Bxb6 Qxb6+ 30. Kf1 Rc5 31. Bd3 Qa5 32. Rb1+ Kc7 33. Qb2 Nd7 34. Qb7+ Kd8 35. Bb5 Rc7 36. Qa6 Qxa6 37.
Bxa6 Ne5 38. Rb8+ Ke7 39. Rb7 Rxb7 40. Bxb7 g5 41. Ke2 Kd6 42. Ke3 Nc4+ 43. Kd4 Ne5 44. Ba6 Nc6+ 45. Ke3 Ke5 46. Be2 Nd4 47. Bd1 f5 48. g3 f4+ 49. gxf4+ gxf4+ 50. Kd3 Nc6 51. Bb3 h6 52. Ba2 Nd4 53. Bb1 Nxf3 54. Ke2 Nxh2 55. Bc2 Ng4 56. Kf3 Nf6 57. Bb1 h5 58. Bc2 h4 59. Bb1 h3 60. Bc2 Nxe4 61. Bd1 h2 62. Kg2 h1=Q+ 63. Kxh1 Nf2+ 64. Kg2 0-1

[Event "*** Titled Tuesday Blitz"]
[Site "Chess.com"]
[Date "2020.10.20"]
[Round "3"]
[White "maxip32"]
[Black "Onischuk_V"]
[Result "1/2-1/2"]
[WhiteElo "2429"]
[BlackElo "2792"]
[TimeControl "180+1"]
[EndTime "10:29:25 PDT"]
[Termination "Game drawn by agreement"]

1. e4 d6 2. d4 Nf6 3. Nc3 g6 4. g3 Bg7 5. Bg2 O-O 6. Nge2 c6 7. O-O e5 8. h3 b5 9. a3 Bb7 10. Re1 a6 11. Be3 Nbd7 12. dxe5 dxe5 13. a4 Qe7 14. Qc1 Rfd8 15. Rd1 b4 16. Nb1 a5 17. f3 Nc5 18.
Nd2 Ba6 19. Bf1 Ne6 20. Kh2 c5 21. Ng1 Bb7 22. Nc4 Nd4 23. Nd2 h5 24. c3 Ne6 25.
h4 Qc7 26. Nc4 Ne8 27. Qc2 Nd6 28. Nxd6 Rxd6 29. Rxd6 Qxd6 30. Rd1 Qc7 31. Bc4 Qe7 32. Qf2 Bf8 33. Nh3 Bc6 34. Bb3 Rd8 35. Rxd8 Nxd8 36. Qd2 Qd7 37. Qxd7 Bxd7 38. Ng5 Kg7 39. f4 f6 40. Nf3 Nc6 41. fxe5 Nxe5 42. Nxe5 fxe5 43. Kg2 Bd6 44. Kf3 Bc6 45. Bc2 Bd7 46. c4 Bg4+ 47. Kf2 Be7 48. b3 Be6 49. Bd3 Bd7 1/2-1/2

[Event "*** Titled Tuesday Blitz"]
[Site "Chess.com"]
[Date "2020.10.20"]
[Round "3"]
[White "JuliaEfremova"]
[Black "Khnykin_Nikolay"]
[Result "0-1"]
[WhiteElo "2311"]
[BlackElo "2069"]
[TimeControl "180+1"]
[EndTime "10:29:25 PDT"]
[Termination "Khnykin_Nikolay won by checkmate"]

1. d4 e6 2. Nf3 Nf6 3. Bf4 d5 4. Nbd2 Nc6 5. e3 Ne4 6. Bd3 f5 7. O-O Be7 8. c4 O-O 9. a3 b6 10. b4 Bb7 11. c5 Bf6 12. b5 Ne7 13. c6 Bc8 14. h3 a6 15. a4 Ng6 16. Bh2 Re8 17. Qb3 Nh4 18. Nxh4 Nxd2 19. Qc2 Nxf1 20. Nf3 Nxh2 21. Kxh2 e5 22. dxe5 Rxe5 23. Rd1 Re8 24.
Bxf5 Qd6+ 25. Kg1 axb5 26. axb5 Bxf5 27. Qxf5 Rad8 28. g4 g6 29. Qb1 Re4 30. g5 Be5 31. Kg2 Bg7 32. Qb3 Kh8 33. Nd2 Ree8 34. Nf3 Qe6 35.
h4 Qg4+ 36. Kf1 Qxf3 37. Re1 Be5 38. Qd3 Bg3 39. Qc2 d4 40. Qb2 Kg8 41. Qa2+ Kh8 42.
Qb2 Be5 43. exd4 Qh1+ 44. Ke2 Bxd4+ 45. Kd3 Qf3+ 46. Kc2 Bxb2 47. Rxe8+ Rxe8 48. Kxb2 Qxf2+ 49. Kc3 Re3+ 50. Kd4 Qf4+ 51. Kd5 Re5# 0-1

[Event "*** Titled Tuesday Blitz"]
[Site "Chess.com"]
[Date "2020.10.20"]
[Round "3"]
[White "GMaka"]
[Black "SamuelGhimpu2003"]
[Result "0-1"]
[WhiteElo "2370"]
[BlackElo "2579"]
[TimeControl "180+1"]
[EndTime "10:29:26 PDT"]
[Termination "SamuelGhimpu2003 won by resignation"]

1. Nf3 Nf6 2. b3 d5 3. Bb2 c5 4. e3 Bg4 5. Bb5+ Nbd7 6. h3 Bh5 7. g4 Bg6 8. Ne5 a6 9. Bxd7+ Nxd7 10. h4 Nxe5 11.
Bxe5 f6 12. h5 Bf7 13. Bb2 d4 14. Qf3 Qd7 15. d3 O-O-O 16. Nd2 Kb8 17. e4 e5 18. h6 Be6 19. hxg7 Qxg7 20. Rh4 Rg8 21. Qg3 Bxg4 22. f3 Be6 23. Qxg7 Rxg7 24. Kf2 Bd6 25. Rah1 Bg8 26. Nf1 b5 27. Ng3 c4 28. Nf5 Rc7 29.
Nxd6 Rxd6 30. Ba3 Rd8 31. bxc4 bxc4 32. Rb1+ Ka8 33. Rh6 cxd3 34. cxd3 Rc6 35. Be7 Re8 36. Rxf6 Rc2+ 37. Kg3 Rxe7 38. Rf8+ Ka7 39. Rxg8 Rxa2 40. Rbb8 Rd2 41. Ra8+ Kb6 42. Rgb8+ Ka5 43. Rb3 Rg7+ 44. Kh3 Ka4 45. Rab8 a5 46. Rb1 Rxd3 47. Ra1+ Ra3 48. Rxa3+ Kxa3 49. Rb5 a4 50. Rxe5 Rd7 51. Rd5 Rxd5 52.
exd5 d3 0-1

[Event "*** Titled Tuesday Blitz"]
[Site "Chess.com"]
[Date "2020.10.20"]
[Round "3"]
[White "barriochess"]
[Black "DariaVoit"]
[Result "1-0"]
[WhiteElo "2286"]
[BlackElo "2484"]
[TimeControl "180+1"]
[EndTime "10:29:27 PDT"]
[Termination "barriochess won on time"]

1. d4 f5 2. e4 fxe4 3. Nc3 Nf6 4.
Bg5 Nc6 5. d5 Ne5 6. Qe2 Nf7 7.
f4 c6 8. O-O-O Qa5 9. Bxf6 exf6 10. Qxe4+ Kd8 11. dxc6 bxc6 12. Qxc6 Rb8 13. Bb5 Rb7 14.
Nge2 Bb4 15. Qd5 Nd6 16. Ba4 Qb6 17. Bb3 Rc7 18. Qd4 Bc5 19. Qa4 Bb7 20. Nd5 Bxd5 21. Rxd5 Re8 22. Nc3 Bb4 23. Rhd1 Re7 24. g3 a6 25.
Rxd6 Bxd6 26. Nd5 Qf2 27. Nxe7 Kxe7 28. Qe4+ Kd8 29. Bf7 Rc6 30. c3 Kc7 31. Bd5 Rb6 32. Qc4+ Kb8 33. Rd2 Qe1+ 34. Kc2 Qa1 35. Kd3 Qf1+ 36.
Ke4 Qe1+ 37. Re2 Qb1+ 38. Kf3 Qh1+ 39. Kg4 Qd1 40. Qe4 Ka7 41. Kh3 g6 42. Qf3 f5 43.
Bb3 Qc1 44. Qe3 1-0

[Event "*** Titled Tuesday Blitz"]
[Site "Chess.com"]
[Date "2020.10.20"]
[Round "3"]
[White "Sadykov_Ramil"]
[Black "kot60"]
[Result "1-0"]
[WhiteElo "2555"]
[BlackElo "2353"]
[TimeControl "180+1"]
[EndTime "10:29:28 PDT"]
[Termination "Sadykov_Ramil won on time"]

1. d4 Nf6 2. Nc3 d5 3. Bf4 g6 4.
e3 Bg7 5. h4 h5 6. Nf3 O-O 7.
Ng5 c5 8. Nb5 Qa5+ 9. c3 a6 10.
Nc7 Ra7 11. Nb5 axb5 12. Bxb8 Ra8 13. Be5 c4 14. a3 Qd8 15. Be2 Ne8 16. Bxg7 Nxg7 17.
Bf3 f6 18. Nh3 Be6 19. Nf4 Bf7 20. Qc2 f5 21. Nh3 Ne6 22. g3 Kg7 23. O-O Qd6 24. Bg2 Be8 25. Nf4 Nc7 26. Kh1 Bc6 27. Kg1 Ne8 28.
Rae1 Nf6 29. f3 e5 30. dxe5 Qxe5 31. Qf2 Rfe8 32. Re2 b4 33. cxb4 c3 34. bxc3 Qxc3 35. Rfe1 Rxa3 36. Nh3 Qxb4 37. Ng5 Qc5 38. Rc2 Qb6 39. Kh2 f4 40. gxf4 Rexe3 41. Rce2 d4 42. Rxe3 dxe3 43. Qc2 Qb3 44. Qe2 Ra2 45. Qd1 1-0